 Dungeon Crawl Stone Soup version 0.28.0 (webtiles) character file.

Game seed: 7233557720180776949

3299 Minsecho the Basher (level 10, -1/104 HPs)
             Began as an Ogre Berserker on Feb 15, 2022.
             Was a Priest of Trog.
             Slain by Grum (15 damage)
             ... on level 8 of the Dungeon.
             The game lasted 00:11:04 (9518 turns).

Minsecho the Basher (Ogre Berserker)                Turns: 9518, Time: 00:11:05

Health: -1/104     AC:  5    Str: 23    XL:     10   Next: 1%
Magic:  10/10      EV: 11    Int:  8    God:    Trog [***...]
Gold:   225        SH: 15    Dex: 18    Spells: 9/9 levels left

rFire   . . .      SeeInvis .   t - +0 flail (vorpal)
rCold   . . .      Faith    .   f - +0 tower shield
rNeg    . . .      Spirit   .   D - +1 robe {Will+}
rPois   +          Reflect  .   (helmet restricted)
rElec   .          Harm     .   r - +0 cloak
rCorr   .          Rampage  .   (gloves unavailable)
Will    ++...                   (boots unavailable)
Stlth   ++........              (no amulet)
HPRegen 0.27/turn               q - +6 ring of dexterity
MPRegen 0.12/turn               i - ring of poison resistance

@: on berserk cooldown, slowed, very slow
A: large, unfitting armour, tough skin 1
a: Renounce Religion, Berserk, Trog's Hand


You were on level 8 of the Dungeon.
You worshipped Trog.
Trog was most pleased with you.
You visited 1 branch of the dungeon, and saw 8 of its levels.

You collected 464 gold pieces.
You spent 239 gold pieces at shops.

Inventory:

Hand Weapons
 a - a +0 mace
 t - a +0 vorpal flail (weapon)
Missiles
 g - 2 throwing nets (quivered)
Armour
 b - a +0 animal skin
 f - a +0 tower shield (worn)
 n - a scarf of resistance
 r - a +0 cloak (worn)
 D - a +1 robe of willpower (worn)
Jewellery
 i - a ring of poison resistance (right hand)
 o - a ring of protection from cold
 q - a +6 ring of dexterity (left hand)
 u - a ring of flight
 J - a ring of protection from cold
Wands
 m - a wand of digging (5)
Scrolls
 d - 3 scrolls of teleportation
 e - 2 scrolls of amnesia {unknown}
 h - a scroll of enchant armour {unknown}
 k - 2 scrolls of fog
 l - 3 scrolls of immolation
 w - 2 scrolls of blinking
 y - a scroll of enchant weapon {unknown}
 B - 3 scrolls of fear {unknown}
 C - a scroll of noise {unknown}
 E - a scroll of identify
 G - a scroll of vulnerability {unknown}
 I - a scroll of brand weapon {unknown}
Potions
 c - a potion of degeneration
 j - 2 potions of curing
 p - a potion of attraction
 s - 2 potions of magic
 v - a potion of berserk rage
 x - 2 potions of flight
 z - a potion of heal wounds
 A - a potion of might {unknown}
 F - a potion of cancellation {unknown}
 H - a potion of invisibility {unknown}


   Skills:
 + Level 7.8 Fighting
 + Level 8.2 Maces & Flails
 + Level 6.6 Dodging
 + Level 6.2 Shields


You had 9 spell levels left.
You didn't know any spells.
Your spell library was empty.

Dungeon Overview and Level Annotations

Branches:
Dungeon (8/15)             Temple (0/1) D:5
   Lair: D:8-11

Altars:
Cheibriados
Elyvilon
Gozag
Okawaru
Ru
Sif Muna
Trog

Shops:
D:2 ?   D:4 ?

Annotations:
D:5 3 runed translucent doors, 2bobheroes's ghost, novice DsFi
D:7 Joseph
D:8 Grum


Innate Abilities, Weirdness & Mutations

You are too large for most types of armour.
You have tough skin. (AC +1)


Message History

The komodo dragon barely misses you.
You bludgeon the komodo dragon!!
The komodo dragon is almost dead.
You are no longer berserk.
You are exhausted.
You feel yourself slow down. You block Grum's attack.
You sock the komodo dragon!
You kill the komodo dragon!
Trog accepts your kill. You block Grum's attack. The yak barely misses you.
Grum hits you from afar with a -1 vampiric spear.
You have reached level 10!
You sock the yak!
The yak is moderately wounded.
The yak misses you. You block Grum's attack. You block the yak's attack.
Grum barely misses you.
You hit the yak.
The yak is moderately wounded.
The yak gores you. You block Grum's attack. The yak gores you!
You block Grum's attack.
You thump the yak!
The yak is severely wounded.
You block the yak's attack. You block Grum's attack. The yak barely misses you.
Grum hits you from afar with a -1 vampiric spear!
Okay, then.
You hit the yak.
The yak is severely wounded.
You block the yak's attack. You block Grum's attack.
You block the yak's attack.
You completely miss the yak.
The yak is severely wounded.
You block Grum's attack. The yak gores you. You block Grum's attack.
You block the yak's attack.
Grum hits you from afar with a -1 vampiric spear!!
* * * LOW HITPOINT WARNING * * *
You hit the yak.
The yak is almost dead.
You block the yak's attack.
Grum hits you from afar with a -1 vampiric spear!
You die...

#.........#.....
#........#......
#.....#.<.####.#
#.... ##.#....#
########......#
#....hh#.####
#.####g#.# #Y# #
#@# #.# ...
...## #####


You could see Grum, a yak, a black bear and a wolf.

Vanquished Creatures
  A komodo dragon (D:8)
  Menkaure (D:7)
  A water moccasin (D:5)
  Duvessa (D:5)
  2 sky beasts (D:6)
  3 necrophages
  3 ogres
  A black bear (D:6)
  A wolf (D:8)
  Blork the orc (D:5)
  4 bullfrogs
  A wyvern zombie (D:6)
  2 scorpions
  2 water moccasin zombies
  Dowan (D:5)
  10 killer bees
  A howler monkey (D:7)
  A bullfrog zombie (D:5)
  2 centaur zombies
  A hound (D:7)
  4 orc priests
  3 centaur skeletons
  A bullfrog skeleton (D:4)
  2 iguanas
  6 orc wizards
  6 adders
  2 white imps
  An ufetubus (D:4)
  An adder skeleton (D:4)
  3 worms
  5 dart slugs
  18 orcs
  4 ball pythons
  8 bats
  5 endoplasms
  3 giant cockroaches
  5 goblins
  8 hobgoblins
  3 quokkas
  3 frilled lizards
  4 kobolds
  3 rats
138 creatures vanquished.

Vanquished Creatures (others)
  A fungus (D:8)
  4 plants
5 creatures vanquished.

Grand Total: 143 creatures vanquished

Notes
Turn   | Place    | Note
-------+----------+-------------------------------------------
     0 | D:1      | Minsecho the Ogre Berserker began the quest for the Orb.
     0 | D:1      | Reached XP level 1. HP: 24/24 MP: 1/1
   233 | D:1      | Reached XP level 2. HP: 26/32 MP: 2/2
   721 | D:1      | Reached skill level 3 in Maces & Flails
   982 | D:1      | Reached XP level 3. HP: 40/40 MP: 3/3
  1298 | D:2      | Found Qep Dap's Magic Scroll Shop.
  1427 | D:2      | Bought a scroll of teleportation for 39 gold pieces
  1658 | D:2      | Reached ** piety under Trog
  1804 | D:2      | Reached XP level 4. HP: 24/49 MP: 4/4
  3163 | D:3      | Reached XP level 5. HP: 40/55 MP: 5/5
  3289 | D:3      | Reached skill level 1 in Shields
  3293 | D:3      | Reached skill level 4 in Maces & Flails
  4338 | D:4      | Found an iron altar of Okawaru.
  4392 | D:4      | Reached skill level 5 in Fighting
  4392 | D:4      | Reached XP level 6. HP: 62/66 MP: 6/6
  4420 | D:4      | Noticed a necrophage
  4432 | D:4      | Killed a necrophage
  4572 | D:4      | Found Oshowodu's Magic Scroll Emporium.
  4581 | D:4      | Bought a scroll of identify for 20 gold pieces
  4581 | D:4      | Bought a scroll of blinking for 75 gold pieces
  4581 | D:4      | Bought a scroll of identify for 20 gold pieces
  4581 | D:4      | Bought a scroll of identify for 20 gold pieces
  4780 | D:2      | Bought a scroll of teleportation for 39 gold pieces
  4780 | D:2      | Bought a scroll of identify for 26 gold pieces
  5127 | D:4      | Found a sacrificial altar of Ru.
  5127 | D:4      | Found a shimmering blue altar of Sif Muna.
  5128 | D:4      | Found a white marble altar of Elyvilon.
  5128 | D:4      | Found a bloodstained altar of Trog.
  5130 | D:4      | Found an opulent altar of Gozag.
  5162 | D:5      | Entered Level 5 of the Dungeon
  5179 | D:5      | Found a staircase to the Ecumenical Temple.
  5229 | D:5      | Reached XP level 7. HP: 64/72 MP: 7/7
  5262 | D:5      | Found a runed translucent gate.
  5262 | D:5      | Found a runed translucent gate.
  5262 | D:5      | Found a runed translucent gate.
  5263 | D:5      | Noticed 2bobheroes's ghost (novice DsFi)
  5489 | D:5      | Noticed Dowan
  5499 | D:5      | Killed Dowan
  5535 | D:5      | Reached skill level 5 in Maces & Flails
  5632 | D:5      | Noticed Duvessa
  5643 | D:5      | Killed Duvessa
  5643 | D:5      | Reached *** piety under Trog
  5964 | D:5      | Reached XP level 8. HP: 78/83 MP: 8/8
  6154 | D:5      | Noticed Blork the orc
  6163 | D:5      | Killed Blork the orc
  6164 | D:5      | Reached skill level 5 in Dodging
  6432 | D:6      | Reached skill level 6 in Maces & Flails
  7377 | D:6      | Reached XP level 9. HP: 85/92 MP: 9/9
  7628 | D:6      | Reached skill level 7 in Maces & Flails
  8120 | D:6      | Found a snail-covered altar of Cheibriados.
  8389 | D:7      | Reached skill level 5 in Shields
  8761 | D:7      | Noticed Menkaure
  8971 | D:7      | Killed Menkaure
  9460 | D:7      | Noticed Joseph
  9480 | D:8      | Noticed a komodo dragon
  9480 | D:8      | Noticed Grum
  9499 | D:8      | Reached skill level 8 in Maces & Flails
  9511 | D:8      | Killed a komodo dragon
  9512 | D:8      | Reached XP level 10. HP: 53/104 MP: 10/10
  9518 | D:8      | Slain by Grum

Illustrated notes

Levels and vault maps discovered:
D:1:      minmay_arrival_pointy, layout_basic, serial_co_window_serial,
          co_window_corner_a, co_window_of_opportunity_a, co_window_paths_b,
          co_window_corner_a, co_window_cross_1, co_window_of_opportunity_a,
          co_window_corner_cb, co_window_2corner, co_window_cross_4,
          co_window_paths_e, co_window_4corner_b, minmay_misc_feat_pillars,
          minmay_heptomino_d4
D:2:      layout_basic, serial_shops, shop, minmay_pentomino_pile
D:3:      layout_basic
D:4:      layout_rooms, okawaru_ov_weapons_minmay, minitemple, serial_shops,
          shop, hangedman_decor_opposing
D:5:      layout_gridville, minmay_temple_entry_glass,
          gammafunk_ghost_necromancy, chequers_serial_rivers_small_b,
          uniq_blork_the_orc, uniq_duvessa
D:6:      layout_basic, cheibrodos_worm_habitat
D:7:      layout_basic, regret_index_temple_of_mockery, serial_shops,
          nicolae_shop_bloodbath_and_beyond, shop,
          nicolae_shop_overgrown_old_shop, uniq_joseph, uniq_menkaure
D:8:      black_bear_nest_2, layout_loops_cross, grunt_lair_entry_orc_guard_hut,
          nicolae_wooded_promenade, uniq_grum

Skill      XL: |  1  2  3  4  5  6  7  8  9 |
---------------+----------------------------+-----
Maces & Flails | 3 4 5 6 8 |  8.2
Dodging        | 3 4 5 6 |  6.6
Shields        | 1 2 3 4 6 |  6.2
Fighting       | 5 6 7 |  7.8

Action                   |  1- 3 |  4- 6 |  7- 9 | 10-12 || total
-------------------------+-------+-------+-------+-------++-------
Melee: Mace              |    84 |   137 |       |       ||   221
       Flail             |       |    56 |   283 |     6 ||   345
Invok: Trog's Hand       |       |     2 |       |       ||     2
       Berserk           |       |     1 |     1 |       ||     2
  Use: Potion            |       |     2 |       |       ||     2
       Scroll            |       |     5 |     2 |       ||     7
 Stab: Sleeping          |     1 |     4 |       |       ||     5
       Distracted        |       |       |     1 |       ||     1
Armor: Animal skin       |    19 |    79 |     9 |       ||   107
       Robe              |       |       |    81 |       ||    81
Dodge: Dodged            |    28 |    66 |   111 |     3 ||   208
Block: Tower shield      |    31 |   162 |   263 |    13 ||   469
